 Dungeon Crawl Stone Soup version 0.22-a0-447-gee5f723 (webtiles) character file.

109741 torrenera the Brawler (level 16, -4/87 HPs)
             Began as a Vine Stalker Monk on June 3, 2018.
             Was a High Priest of Okawaru.
             Succumbed to a sea snake's poison
             ... on level 1 of the Shoals.
             The game lasted 01:57:48 (29317 turns).

torrenera the Brawler (Vine Stalker Monk)          Turns: 29317, Time: 01:57:49

Health: -4/87      AC: 23    Str: 18    XL:     16   Next: 53%
Magic:  3/23       EV: 18    Int: 10    God:    Okawaru [*****.]
Gold:   2473       SH:  0    Dex: 23    Spells: 2/15 levels left

rFire    + + .     SeeInvis .     - Unarmed
rCold    + . .     Gourm    .   (no shield)
rNeg     + . .     Faith    .   U - +2 chain mail {rF+}
rPois    .         Spirit   +   H - +1 helmet
rElec    .         Reflect  .   G - +0 cloak {+Inv}
rCorr    .         Harm     .   m - +2 pair of gloves
MR       ++...                  (no boots)
Stlth    +.........             (no amulet)
HPRegen  1.04/turn              f - ring of positive energy
MPRegen  0.18/turn              g - +5 ring of dexterity

@: lethally poisoned (-4 -> -45), heroism, very slightly contaminated
A: fangs 3, cold resistance 1, fire resistance 1, regeneration 2, weak 1, wild
magic 1, magic shield, antimagic bite, no potion heal 3, rot immunity,
MP-powered wands
a: Heroism, Finesse, Renounce Religion, Evoke Invisibility


You were on level 1 of the Shoals.
You worshipped Okawaru.
Okawaru was extremely pleased with you.
You were not hungry.

You visited 6 branches of the dungeon, and saw 27 of its levels.
You also visited: Ice Cave.

You collected 2791 gold pieces.
You spent 318 gold pieces at shops.

Inventory:

Hand Weapons
 a - the +6 shortbow "Lipriblo" {venom, Int+3}
   (Okawaru gifted it to you on level 6 of the Lair of Beasts)

   It poisons the ammo it fires.
   It affects your intelligence (+3).
Missiles
 Q - 638 arrows
Armour
 m - a +2 pair of gloves (worn)
 u - the +0 buckler of the Trilobite {rC++}
   (Okawaru gifted it to you on level 1 of the Lair of Beasts)

   It greatly protects you from cold.
 B - a scarf of cloud immunity
 E - the +0 leather armour "Unukigog" {rF++ Str+3}
   (You found it on level 3 of the Lair of Beasts)

   It affects your strength (+3).
   It greatly protects you from fire.
 G - a +0 cloak of invisibility (worn)
 H - a +1 helmet (worn)
 U - a +2 chain mail of fire resistance (worn)
Jewellery
 f - a ring of positive energy (left hand)
 g - a +5 ring of dexterity (right hand)
 t - an uncursed ring of protection from fire
 w - a +2 amulet of reflection {unknown}
 y - an uncursed ring of see invisible
 V - an uncursed ring of protection from magic
Wands
 e - a wand of iceblast (18)
 n - a wand of disintegration (11)
 o - a wand of enslavement (28)
 z - a wand of flame (28)
 N - a wand of acid (11)
Scrolls
 j - 3 scrolls of fog
 l - 7 scrolls of teleportation
 r - 4 scrolls of immolation
 s - 2 scrolls of blinking
 C - 2 scrolls of identify
 F - a scroll of holy word {unknown}
 J - 3 scrolls of remove curse
 K - 5 scrolls of magic mapping
 T - a scroll of silence
 W - 2 scrolls of acquirement {unknown}
 X - a scroll of fear {unknown}
Potions
 c - a potion of berserk rage
 d - 3 potions of cancellation
 h - 8 potions of curing
 k - a potion of magic
 p - 2 potions of invisibility
 q - 3 potions of ambrosia
 x - 3 potions of haste
 A - 2 potions of lignification
 I - a potion of flight
 M - 2 potions of agility
 P - 3 potions of might
Miscellaneous
 v - a phial of floods
Comestibles
 b - 29 rations
 i - 3 chunks of flesh


   Skills:
 - Level 11.3(16.3) Fighting
 - Level 10.0(15.0) Bows
 - Level 10.0(15.0) Armour
 - Level 10.1(15.1) Dodging
 - Level 2.4(7.4) Stealth
 - Level 15.1(20.1) Unarmed Combat
 - Level 9.0 Invocations
 + Level 5.0 Evocations


You had 2 spell levels left.
You knew the following spells:

 Your Spells              Type           Power        Failure   Level  Hunger
a - Swiftness             Chrm/Air       #.......     99%         2    ###....
b - Regeneration          Chrm/Necr      #.........   100%        3    ####...
c - Deflect Missiles      Chrm/Air       #.........   100%        6    #######
d - Apportation           Tloc           #.....       96%         1    ##.....
e - Animate Skeleton      Necr           N/A          96%         1    ##.....

Your spell library contained the following spells:

 Spells                   Type           Power        Failure   Level  Hunger
 Magic Dart               Conj           #...         96%         1    ##.....
 Lightning Bolt           Conj/Air       #.........   100%        5    ######.
 Controlled Blink         Tloc           N/A          100%        8    #######
 Summon Small Mammal      Summ           #...         96%         1    ##.....
 Iskenderun's Mystic Bla  Conj           #.......     100%        4    #####..
 Animate Dead             Necr           N/A          100%        4    #####..
 Pain                     Necr           #...         96%         1    ##.....
 Corpse Rot               Necr           N/A          99%         2    ###....
 Stone Arrow              Conj/Erth      #.....       100%        3    ####...
 Shock                    Conj/Air       #...         96%         1    ##.....
 Death Channel            Necr           #.........   100%        6    #######
 Airstrike                Air            #.........   100%        4    #####..
 Confusing Touch          Hex            #.....       96%         1    ##.....
 Silence                  Hex/Air        #.........   100%        5    ######.
 Dispersal                Tloc           #.........   100%        6    #######
 Static Discharge         Conj/Air       #.......     100%        3    ####...
 Conjure Ball Lightning   Conj/Air       #.........   100%        6    #######
 Excruciating Wounds      Chrm/Necr      #.........   100%        5    ######.
 Portal Projectile        Hex/Tloc       #.....       100%        3    ####...
 Tornado                  Air            #.........   100%        9    #######
 Leda's Liquefaction      Hex/Erth       #.........   100%        4    #####..
 Summon Hydra             Summ           #.........   100%        7    #######
 Disjunction              Tloc           #.........   100%        8    #######
 Fulminant Prism          Conj/Hex       #.........   100%        4    #####..
 Dazzling Spray           Conj/Hex       #.....       100%        3    ####...
 Force Lance              Conj/Tloc      #.......     100%        4    #####..
 Searing Ray              Conj           #.....       99%         2    ###....
 Summon Forest            Summ/Tloc      #.........   100%        5    ######.
 Summon Lightning Spire   Summ/Air       #.......     100%        4    #####..
 Hydra Form               Tmut           #.........   100%        6    #######
 Gell's Gravitas          Tloc           #.........   100%        3    ####...


Dungeon Overview and Level Annotations

Branches:
Dungeon (15/15)            Temple (1/1) D:6            Lair (6/6) D:11
 Shoals (2/4) Lair:2        Snake (1/4) Lair:2        Slime (0/5) Lair:5
    Orc (2/2) D:11            Elf (0/3) Orc:2        Vaults (0/5) D:14
 Depths (0/5) D:15

Altars:
Ashenzari
Dithmenos
Elyvilon
Fedhas
Gozag
Makhleb
Okawaru
Qazlal
Ru
Uskayaw
Vehumet
Wu Jian
Xom
Yredelemnul
Zin
The Shining One
Jiyva

Shops:
D:9 (   Orc:2 ?!!!

Portals:
Trove: D:10 (give 22 scrolls of identify)

Annotations:
D:15 exclusions: ice statue and obsidian statue


Innate Abilities, Weirdness & Mutations

You have razor-sharp teeth.
You heal very quickly.
When hurt, damage is shared between your health and your magic reserves.
Your bite disrupts and absorbs the magic of your enemies.
Potions cannot restore your health.
You are immune to rotting.
Your flesh is cold resistant. (rC+)
Your flesh is heat resistant. (rF+)
You are weak. (Str -2)
Your spells are a little harder to cast, but a little more powerful.
You expend magic power (3 MP) to strengthen your wands.


Message History

The merfolk closely misses you.
Blink to where?
Press: ? - help, Dir - move target cursor, p - sea snake You are very lightly contaminated with residual magic.
As you read the scroll of blinking, it crumbles to dust.
* * * LOW HITPOINT WARNING * * *
You feel very sick.
The merfolk looks more healthy.
The merfolk misses you. The sea snake misses you.
* * * LOW HITPOINT WARNING * * *
You feel very sick.
The merfolk hits you from afar with a trident!
* * * LOW HITPOINT WARNING * * *
The merfolk hits you from afar with a trident!
* * * LOW HITPOINT WARNING * * *
The merfolk hits you but does no damage.
The sea snake bites you.
* * * LOW HITPOINT WARNING * * *
You climb upwards.
You die...

≈≈≈≈≈≈≈≈≈≈≈≈≈≈≈≈≈≈≈≈≈≈≈≈≈≈≈≈....#
..)≈≈≈≈≈≈≈≈≈≈≈≈≈≈≈≈≈≈≈≈≈≈≈......#
.##≈≈≈≈≈≈≈≈≈≈≈≈≈≈≈≈≈≈≈≈≈≈≈...##..
.#.≈≈≈≈≈≈≈≈≈≈≈≈≈≈≈≈≈≈≈≈.......##.
≈≈≈≈≈≈≈≈≈≈≈≈≈≈≈≈≈≈≈≈≈≈≈.###..≈≈..
≈..≈≈≈≈....≈≈≈≈≈≈≈≈≈≈≈≈.# #..≈≈..
≈≈≈≈≈≈......≈≈≈≈≈≈≈≈≈≈≈.###.≈≈..#
≈≈≈≈≈...###.≈≈≈≈≈≈≈≈≈≈≈≈...≈≈≈..#
≈≈≈≈≈...###.≈≈≈≈@...≈≈≈≈≈≈≈≈≈≈..#
≈≈≈≈≈...≈≈..≈≈..S##≈≈≈≈≈≈≈≈≈≈≈≈.#
≈≈≈≈≈..≈≈≈.≈≈≈..###≈≈≈≈≈≈≈≈≈≈≈≈≈.
≈≈≈≈≈≈≈≈≈≈≈≈≈≈.##...≈≈≈≈≈≈≈≈≈≈≈≈≈
≈..≈≈≈≈≈≈≈≈≈≈..####.≈≈≈≈≈≈≈≈≈≈≈≈≈
..≈≈≈≈≈≈≈≈≈≈≈≈### #.≈≈≈≈≈≈≈≈≈≈≈≈≈
...≈≈≈≈≈≈≈≈≈≈≈≈.###.≈≈≈≈≈≈≈≈≈≈≈≈≈
##..≈≈≈≈≈≈≈≈≈≈≈≈≈≈.≈≈≈≈≈≈≈≈≈≈≈≈≈≈
###.≈≈≈≈≈≈....≈≈≈≈..≈≈≈≈≈≈≈≈≈≈≈≈≈


You could see a sea snake.

Vanquished Creatures
  An orc warlord (Orc:1)
  Snorg (Lair:4)
  Josephine (Lair:5)
  2 yaktaur captains
  Fannar (D:12)
  An ice dragon (Lair:4)
  4 catoblepae
  7 hydras
  7 centaur warriors
  A merfolk aquamancer (Shoals:2)
  A death knight (D:15)
  6 two-headed ogres
  Urug (D:14)
  An orc high priest (Orc:2)
  Sonja (Lair:1)
  13 death yaks (Lair:6)
  A skeletal warrior (D:15)
  2 sea snakes
  A wizard (D:14)
  7 orc knights
  A phantasmal warrior (D:15)
  3 harpies
  A deep elf mage (D:14)
  5 ugly things
  2 orc sorcerers
  2 cyclopes (D:15)
  6 fauns (Shoals:1)
  8 manticores
  A merfolk siren (Shoals:2)
  A centaur zombie (D:12)
  8 elephants
  Joseph (D:8)
  2 gargoyles (D:15)
  Maurice (D:9)
  9 black mambas
  A torpor snail (Lair:6)
  Psyche (D:9)
  8 spiny frogs
  4 centaur skeletons
  2 kobold demonologists (D:15)
  A freezing wraith (D:15)
  A rime drake (Lair:6)
  10 komodo dragons
  4 yaktaurs
  2 tengu conjurers (D:15)
  6 merfolk
  10 trolls
  A polar bear (Lair:6)
  3 meliai (D:15)
  4 hornets
  3 slime creatures (D:12)
  7 hippogriffs
  3 wind drakes
  Prince Ribbit (D:6)
  2 meliai zombies
  2 snapping turtles
  7 blink frogs
  7 dream sheep (Lair:6)
  7 wraiths
  2 shadows
  3 vampires
  2 water elementals (Shoals:2)
  5 wyverns
  60 yaks
  6 vampire mosquitoes
  5 basilisks
  5 hungry ghosts
  Grum (D:9)
  A steam dragon (D:12)
  Menkaure (D:6)
  4 wargs
  Edmund (D:6)
  An acid dragon (D:10)
  19 water moccasins
  A soldier ant (D:15)
  8 porcupines
  43 orc warriors
  12 ice beasts
  4 sky beasts
  An eye of draining (D:10)
  A hornet zombie (D:15)
  A swamp drake (D:11)
  11 ogres
  2 phantoms
  25 centaurs
  13 wolves
  18 crocodiles
  A gnoll sergeant (D:11)
  9 bullfrogs
  4 big kobolds
  4 scorpions
  12 killer bees
  A water moccasin skeleton (D:5)
  4 electric eels
  8 wights
  6 howler monkeys
  3 lava snakes (Lair:4)
  6 crimson imps
  A quasit (D:8)
  A bullfrog zombie (D:11)
  9 jellies
  A gnoll shaman (D:6)
  4 hounds
  16 orc priests
  27 orc wizards
  A bullfrog skeleton (D:5)
  5 iguanas
  9 worker ants
  A killer bee zombie (D:8)
  2 howler monkey zombies
  16 gnolls
  20 adders
  4 shadow imps
  3 white imps (Lair:4)
  2 oozes
  An adder skeleton (D:8)
  2 worms
  A dart slug (D:3)
  4 leopard geckos
  107 orcs
  A ball python (Lair:2)
  8 giant cockroaches
  6 goblins
  9 hobgoblins
  15 jackals
  28 kobolds
  7 quokkas
  3 bats
  6 frilled lizards
  A jackal skeleton (D:5)
  9 rats
  2 fungi (Lair:2)
  10 plants
864 creatures vanquished.

Vanquished Creatures (collateral kills)
  An ugly thing (IceCv)
  An orc warrior (Orc:2)
  2 ice beasts (IceCv)
4 creatures vanquished.

Vanquished Creatures (others)
  An orc warrior (Orc:2)
  2 bushes (Lair:5)
  2 fungi
  8 plants
13 creatures vanquished.

Grand Total: 881 creatures vanquished

Notes
Turn   | Place    | Note
-------+----------+-------------------------------------------
     0 | D:1      | torrenera the Vine Stalker Monk began the quest for the Orb.
     0 | D:1      | Reached XP level 1. HP: 11/11 MP: 2/2
     0 | D:1      | Noticed a draconian
     4 | D:1      | Noticed an octopode
     6 | D:1      | Noticed a gargoyle
     7 | D:1      | Noticed a vampire
     8 | D:1      | Noticed a human
    10 | D:1      | Noticed a troll
    12 | D:1      | Noticed a troll
    14 | D:1      | Noticed a troll
    14 | D:1      | Noticed a troll
    14 | D:1      | Noticed a vine stalker
    16 | D:1      | Noticed a vampire
    16 | D:1      | Noticed an elf
    18 | D:1      | Noticed a troll
    18 | D:1      | Noticed a formicid
    20 | D:1      | Noticed a vampire
   157 | D:1      | Reached XP level 2. HP: 15/16 MP: 3/3
   363 | D:1      | Reached skill level 4 in Unarmed Combat
   363 | D:1      | Reached XP level 3. HP: 19/19 MP: 4/4
  1321 | D:2      | Gained mutation: Your natural rate of healing is unusually fast. [Vine Stalker growth]
  1321 | D:2      | Reached XP level 4. HP: 19/23 MP: 3/5
  2215 | D:3      | Reached skill level 5 in Unarmed Combat
  2471 | D:3      | Reached XP level 5. HP: 27/27 MP: 6/6
  2924 | D:4      | Reached skill level 6 in Unarmed Combat
  3110 | D:4      | Got an encrusted scale mail
  3133 | D:4      | Identified the cursed +1 scale mail of Plog {*Contam rN+ rCorr} (You found it on level 4 of the Dungeon)
  3174 | D:4      | Noticed an ogre
  3177 | D:4      | Killed an ogre
  3177 | D:4      | Reached XP level 6. HP: 32/32 MP: 7/7
  3454 | D:5      | Entered Level 5 of the Dungeon
  3521 | D:5      | Reached skill level 7 in Unarmed Combat
  3609 | D:5      | Found a burning altar of Makhleb.
  3644 | D:5      | Reached XP level 7. HP: 25/35 MP: 6/8
  3693 | D:5      | Reached skill level 8 in Unarmed Combat
  4296 | D:6      | Reached skill level 9 in Unarmed Combat
  4365 | D:6      | Gained mutation: You have razor-sharp teeth. [Vine Stalker growth]
  4365 | D:6      | Reached XP level 8. HP: 39/39 MP: 9/9
  4432 | D:6      | Noticed Edmund
  4440 | D:6      | Killed Edmund
  4496 | D:6      | Noticed Menkaure
  4502 | D:6      | Reached skill level 10 in Unarmed Combat
  4502 | D:6      | Killed Menkaure
  4544 | D:6      | Noticed Prince Ribbit
  4549 | D:6      | Killed Prince Ribbit
  4552 | D:6      | Found a staircase to the Ecumenical Temple.
  4566 | Temple   | Entered the Ecumenical Temple
  4651 | Temple   | Became a worshipper of Warmaster Okawaru
  4651 | Temple   | Reached * piety under Okawaru
  4651 | Temple   | Reached ** piety under Okawaru
  4964 | D:6      | Reached skill level 11 in Unarmed Combat
  5388 | D:6      | Reached XP level 9. HP: 41/43 MP: 8/10
  5930 | D:7      | Reached skill level 12 in Unarmed Combat
  6550 | D:7      | Reached *** piety under Okawaru
  6900 | D:8      | Reached skill level 5 in Fighting
  6905 | D:8      | Reached XP level 10. HP: 40/51 MP: 11/11
  6985 | D:8      | Noticed a two-headed ogre
  7047 | D:8      | Killed a two-headed ogre
  7047 | D:8      | Reached **** piety under Okawaru
  7166 | D:8      | Noticed Joseph
  7179 | D:8      | Killed Joseph
  7261 | D:8      | Reached skill level 5 in Invocations
  7783 | D:9      | Found Koemiaq's Weapon Shoppe.
  7958 | D:9      | Noticed Psyche
  7965 | D:9      | Killed Psyche
  8078 | D:9      | Noticed Grum
  8088 | D:9      | Reached ***** piety under Okawaru
  8203 | D:9      | Killed Grum
  8311 | D:9      | Reached XP level 11. HP: 51/56 MP: 15/18
  8339 | D:9      | Noticed Maurice
  8357 | D:9      | Killed Maurice
  8559 | D:9      | Received a gift from Okawaru
  8726 | D:10     | Entered Level 10 of the Dungeon
  8961 | D:10     | Found a portal to a secret trove of treasure.
  8998 | D:10     | Got a scorched hand axe
  9887 | D:11     | Noticed a two-headed ogre
  9899 | D:11     | Killed a two-headed ogre
  9929 | D:11     | Got a distressingly furry leather armour
  9933 | D:11     | Identified the +1 leather armour of Xom's Benevolence {Regen+ rCorr Int+4 Dex-2} (You found it on level 11 of the Dungeon)
  9996 | D:11     | Received a gift from Okawaru
 10235 | D:11     | Found a staircase to the Lair.
 10445 | D:11     | Noticed a manticore
 10450 | D:11     | Killed a manticore
 10508 | D:11     | Noticed a five-headed hydra
 11022 | D:12     | Gained mutation: You heal very quickly. [Vine Stalker growth]
 11022 | D:12     | Reached XP level 12. HP: 57/67 MP: 19/19
 11031 | D:12     | Reached skill level 10 in Fighting
 11168 | D:12     | Paralysed by a hornet for 3 turns
 11371 | D:12     | Reached skill level 5 in Dodging
 11410 | D:12     | Noticed Fannar
 11418 | D:12     | Killed Fannar
 11523 | D:12     | Received a gift from Okawaru
 11565 | D:12     | Gained mutation: You are frail. (-10% HP) [mutagenic glow]
 11566 | D:12     | Lost mutation: You are frail. (-10% HP) [potion of mutation]
 11566 | D:12     | Gained mutation: You are weak. (Str -2) [potion of mutation]
 11566 | D:12     | Gained mutation: You expend magic power (3 MP) to strengthen your wands. [potion of mutation]
 11566 | D:12     | Gained mutation: Your body sometimes deteriorates upon taking damage. [potion of mutation]
 11566 | D:12     | Gained mutation: You are agile. (Dex +2) [potion of mutation]
 11829 | D:12     | Noticed a two-headed ogre
 11900 | D:12     | Killed a two-headed ogre
 12253 | D:13     | Noticed a centaur warrior
 12363 | D:12     | Identified the cursed +0 hand axe of Premature Burial {freeze, Int+2 Dex+2 Stlth+} (You found it on level 10 of the Dungeon)
 12572 | D:13     | Noticed a centaur warrior
 12592 | D:13     | HP: 2/67 [centaur warrior (9)]
 12774 | D:13     | Noticed a centaur warrior
 12788 | D:13     | Killed a centaur warrior
 13132 | D:13     | Killed a centaur warrior
 13200 | D:13     | Killed a centaur warrior
 13513 | D:13     | Reached XP level 13. HP: 68/72 MP: 18/20
 13901 | Lair:1   | Entered Level 1 of the Lair of Beasts
 13990 | Lair:1   | Identified the Compendium of Dark Rituals
 14055 | Lair:1   | Received a gift from Okawaru
 14066 | Lair:1   | Got an encrusted buckler {god gift}
 14072 | Lair:1   | Identified the +0 buckler of the Trilobite {rC++} (Okawaru gifted it to you on level 1 of the Lair of Beasts)
 14255 | Lair:1   | Reached skill level 10 in Dodging
 14390 | Lair:1   | Reached skill level 1 in Bows
 14418 | Lair:1   | Learned a level 2 spell: Swiftness
 14422 | Lair:1   | Learned a level 3 spell: Regeneration
 15250 | Lair:2   | Noticed Sonja
 15258 | Lair:1   | Killed Sonja
 15789 | Lair:2   | Found a staircase to the Snake Pit.
 15951 | Lair:2   | Reached skill level 5 in Bows
 16001 | Lair:2   | Found a blossoming altar of Fedhas.
 16143 | Lair:2   | Found a staircase to the Shoals.
 17264 | Lair:3   | Got a warped leather armour
 17275 | Lair:3   | Identified the cursed +0 leather armour "Unukigog" {rF++ Str+3} (You found it on level 3 of the Lair of Beasts)
 17967 | Lair:4   | Received a gift from Okawaru
 17968 | Lair:4   | Got a pitted hunting sling {god gift}
 18076 | Lair:4   | Noticed an ice dragon
 18093 | Lair:4   | Killed an ice dragon
 18159 | Lair:4   | Found a labyrinth entrance.
 18501 | Lair:4   | Noticed Snorg
 18516 | Lair:4   | Killed Snorg
 18991 | Lair:5   | Reached XP level 14. HP: 56/77 MP: 16/21
 19097 | Lair:5   | Lost mutation: Your body sometimes deteriorates upon taking damage. [potion of mutation]
 19097 | Lair:5   | Lost mutation: You are agile. (Dex +2) [potion of mutation]
 19097 | Lair:5   | Gained mutation: Your flesh is cold resistant. (rC+) [potion of mutation]
 19097 | Lair:5   | Gained mutation: Your flesh is heat resistant. (rF+) [potion of mutation]
 19097 | Lair:5   | Gained mutation: Your spells are a little harder to cast, but a little more powerful. [potion of mutation]
 19320 | Lair:5   | Noticed Josephine
 19339 | Lair:5   | Killed Josephine
 19353 | Lair:5   | Reached skill level 10 in Bows
 19500 | Lair:5   | Reached skill level 13 in Unarmed Combat
 19872 | Lair:5   | Found a viscous altar of Jiyva.
 19873 | Lair:5   | Found a staircase to the Slime Pits.
 20018 | Lair:6   | Entered Level 6 of the Lair of Beasts
 20032 | Lair:6   | Received a gift from Okawaru
 20033 | Lair:6   | Got a polished shortbow {god gift}
 20634 | Lair:6   | Received a gift from Okawaru
 20638 | Lair:6   | Reached skill level 14 in Unarmed Combat
 20653 | Lair:6   | Identified the +6 shortbow "Lipriblo" {venom, Int+3} (Okawaru gifted it to you on level 6 of the Lair of Beasts)
 20655 | Lair:6   | Identified the +8 hunting sling of the Saviour {freeze, Str+2 SInv Stlth+} (Okawaru gifted it to you on level 4 of the Lair of Beasts)
 21135 | Lair:6   | Found a sacrificial altar of Ru.
 21275 | Lair:6   | Reached XP level 15. HP: 83/83 MP: 22/22
 21436 | Lair:6   | Reached skill level 15 in Unarmed Combat
 21570 | Lair:6   | Received a gift from Okawaru
 22224 | D:11     | Found a staircase to the Orcish Mines.
 22298 | D:11     | Reached skill level 1 in Armour
 22543 | D:14     | Found a gate to the Vaults.
 22555 | D:14     | Received a gift from Okawaru
 22911 | D:13     | Received a gift from Okawaru
 23012 | D:13     | Reached skill level 5 in Armour
 23063 | D:14     | Received a gift from Okawaru
 23076 | D:14     | Got a faintly glowing robe {god gift}
 23097 | D:14     | Identified the +2 robe "Potzub" {Dex+6} (Okawaru gifted it to you on level 14 of the Dungeon)
 23287 | D:14     | Noticed Urug
 23307 | D:14     | Killed Urug
 23717 | D:15     | Entered Level 15 of the Dungeon
 23746 | D:15     | Found an opulent altar of Gozag.
 24246 | D:15     | Found a staircase to the Depths.
 25240 | Orc:1    | Entered Level 1 of the Orcish Mines
 25387 | Orc:1    | Found a frozen archway.
 25396 | IceCv    | Entered an ice cave
 25415 | IceCv    | Found a transporter.
 25543 | Orc:1    | Reached XP level 16. HP: 87/87 MP: 23/23
 26231 | Orc:2    | Entered Level 2 of the Orcish Mines
 26680 | Orc:2    | Found a radiant altar of Vehumet.
 26776 | Orc:2    | Found a staircase to the Elven Halls.
 27032 | Orc:2    | Received a gift from Okawaru
 27639 | Orc:2    | Received a gift from Okawaru
 27767 | Orc:2    | Reached skill level 10 in Armour
 27865 | Orc:2    | Found Utor's Distillery.
 27865 | Orc:2    | Found Koured's Distillery.
 27867 | Orc:2    | Found Rilirhot's Magic Scroll Emporium.
 27869 | Orc:2    | Found Reoliazu's Distillery.
 27874 | Orc:2    | Bought a potion of might for 68 gold pieces
 27874 | Orc:2    | Bought a potion of agility for 68 gold pieces
 27881 | Orc:2    | Bought a potion of haste for 130 gold pieces
 27881 | Orc:2    | Bought a potion of might for 52 gold pieces
 27888 | Orc:2    | Learned a level 6 spell: Deflect Missiles
 28095 | Snake:1  | Entered Level 1 of the Snake Pit
 28135 | Shoals:1 | Entered Level 1 of the Shoals
 28274 | Shoals:1 | Reached skill level 1 in Evocations
 28367 | Shoals:1 | Learned a level 1 spell: Apportation
 28369 | Shoals:1 | Learned a level 1 spell: Animate Skeleton
 28517 | Shoals:1 | Received a gift from Okawaru
 29058 | Shoals:2 | Received a gift from Okawaru
 29296 | Shoals:2 | Reached skill level 5 in Evocations
 29316 | Shoals:2 | HP: 3/87 [merfolk/trident (6)]
 29317 | Shoals:1 | Succumbed to a sea snake's poison

Vault maps used:
D:1:      shiori_arrival_whats_in_store_for_you, patterned_corridor
D:2:      first_ration
D:5:      makhleb_grotto_becter
D:6:      minmay_temple_entry_large_hall, uniq_edmund, uniq_menkaure,
          uniq_prince_ribbit1
D:7:      serial_bayou_pond_e
D:8:      uniq_joseph
D:9:      serial_shops, nicolae_shop_crystal, uniq_psyche, uniq_maurice,
          uniq_grum
D:10:     kennysheep_big_flooded_room, nicolae_trove_entry_crystal
D:11:     erik_lair_dragon, david_orc_4
D:12:     uniq_fannar
D:13:     minmay_goldmine
D:14:     david_vaults_2, minmay_misc_feat_rows, hangedman_fish_farm,
          lightli_minifort, uniq_urug
D:15:     grunt_enter_depths_snipers, nicolae_gozag_seed_capital,
          minmay_more_statues
Temple:   minmay_crystal_snake_temple
Lair:1:   st_stairs_7, columned_hall_lemuel
Lair:2:   minmay_shoals_entry_hut, minmay_snake_entry_six_corridors,
          basic_altar, serial_bayou_lagoon_a, cheibrodos_lair_reptile_den,
          infiniplex_staircase_pool_2, serial_bayou_shore_b,
          serial_bayou_shore_b, serial_bayou_shore_b, uniq_sonja
Lair:3:   infiniplex_staircase_pool, grunt_megastairs_4
Lair:4:   lab_entry_generic, nicolae_volcano_entry_s_turn, serial_bayou_pond_c,
          bobbens_ice_dragon_lair, uniq_snorg
Lair:5:   dpeg_slime_entry_enclosed_altar, uniq_josephine
Lair:6:   evilmike_catoblepas_cave, basic_altar, grunt_megastairs_1
Shoals:2: nicolae_shoals_circle_sea_wall, nicolae_shoals_mertower
Orc:1:    portal_ice_cave_entry_pillars_2, nicolae_orc_pool_cavern,
          guppyfry_library_mini
Orc:2:    st_orc_rangers, basic_altar, rock_pile
IceCv:    ice_cave_statue_garden_transporter

Skill      XL: |  1  2  3  4  5  6  7  8  9 10 11 12 13 14 15 16 |
---------------+-------------------------------------------------+-----
Unarmed Combat | 4 5 6 7 9 11 12 14 15 | 15.1
Fighting       | 5 9 10 11 | 11.3
Invocations    | 8 9 |  9.0
Dodging        | 3 9 10 | 10.1
Bows           | 8 10 | 10.0
Armour         | 8 10 | 10.0
Evocations     | 5 |  5.0
Stealth        | |  2.4

Action                   |  1- 3 |  4- 6 |  7- 9 | 10-12 | 13-15 | 16-18 || total
-------------------------+-------+-------+-------+-------+-------+-------++-------
Melee: Unarmed           |    96 |   131 |   227 |   665 |  1075 |   223 ||  2417
       Bite              |    25 |    41 |   100 |   253 |   514 |   114 ||  1047
       Punch             |       |     3 |    17 |    60 |   137 |    20 ||   237
 Fire: Hunting sling     |       |       |       |    41 |       |       ||    41
       Shortbow          |       |       |       |    63 |   569 |   332 ||   964
Throw: Stone             |    20 |    18 |    45 |    48 |       |       ||   131
Invok: Heroism           |       |       |       |     8 |    25 |     4 ||    37
       Finesse           |       |       |       |     2 |     8 |       ||    10
Evoke: Wand              |       |     2 |    21 |    19 |    12 |     2 ||    56
  Use: Scroll            |     1 |       |     1 |    27 |    14 |     2 ||    45
       Potion            |       |       |       |     5 |     6 |     1 ||    12
 Stab: Sleeping          |     3 |       |     1 |     1 |     5 |       ||    10
       Distracted        |       |     1 |       |       |     1 |       ||     2
       Paralysed         |       |       |       |     8 |       |       ||     8
       Invisible         |       |       |       |       |     1 |     6 ||     7
       Petrifying        |       |       |       |       |     3 |       ||     3
  Eat: Chunk             |     1 |     8 |    10 |    26 |    35 |    12 ||    92
       Ration            |       |       |       |       |     1 |       ||     1
Armor: Robe              |    15 |    19 |       |       |    37 |    35 ||   106
       Scale mail        |       |     7 |    62 |   178 |       |       ||   247
       Leather armour    |       |       |       |    26 |   143 |       ||   169
       Skin              |       |       |       |       |     1 |       ||     1
       Chain mail        |       |       |       |       |       |    80 ||    80
Dodge: Dodged            |    68 |    72 |    96 |   328 |   837 |   424 ||  1825

Table legend:
 A = Spawn XP
 B = Non-spawn XP
 C = Spawn XP percentage of total XP
 D = Spawn monster count
 E = Non-spawn monster count
 F = Spawn count percentage of total count
 G = Total turns spent on level
                    A         B        C        D         E        F      G
               +---------+---------+-------+---------+---------+-------+---------
         Total |       0 |  156774 |   0.0 |       0 |     857 |   0.0 | 29317
               +---------+---------+-------+---------+---------+-------+---------
           D:1 |       0 |      44 |   0.0 |       0 |      20 |   0.0 |   836
           D:2 |       0 |      56 |   0.0 |       0 |      23 |   0.0 |  1373
           D:3 |       0 |     103 |   0.0 |       0 |      22 |   0.0 |   672
           D:4 |       0 |     188 |   0.0 |       0 |       9 |   0.0 |   573
           D:5 |       0 |     560 |   0.0 |       0 |      22 |   0.0 |   798
           D:6 |       0 |    1334 |   0.0 |       0 |      22 |   0.0 |  1036
           D:7 |       0 |    1541 |   0.0 |       0 |      42 |   0.0 |  1263
           D:8 |       0 |    3214 |   0.0 |       0 |      31 |   0.0 |   890
           D:9 |       0 |    3128 |   0.0 |       0 |      39 |   0.0 |  1137
          D:10 |       0 |    2086 |   0.0 |       0 |      38 |   0.0 |   886
          D:11 |       0 |    6782 |   0.0 |       0 |      49 |   0.0 |  1807
          D:12 |       0 |    8944 |   0.0 |       0 |      47 |   0.0 |  1870
          D:13 |       0 |   11215 |   0.0 |       0 |      58 |   0.0 |  1731
          D:14 |       0 |   12388 |   0.0 |       0 |      38 |   0.0 |  1063
          D:15 |       0 |   14059 |   0.0 |       0 |      38 |   0.0 |  1399
        Lair:1 |       0 |    5314 |   0.0 |       0 |      16 |   0.0 |  1407
        Lair:2 |       0 |    5088 |   0.0 |       0 |      33 |   0.0 |  1522
        Lair:3 |       0 |    5539 |   0.0 |       0 |      19 |   0.0 |  1196
        Lair:4 |       0 |    5021 |   0.0 |       0 |      21 |   0.0 |  1153
        Lair:5 |       0 |   11135 |   0.0 |       0 |      33 |   0.0 |  1185
        Lair:6 |       0 |   28840 |   0.0 |       0 |      78 |   0.0 |  1819
      Shoals:1 |       0 |    7358 |   0.0 |       0 |      17 |   0.0 |   916
      Shoals:2 |       0 |    5983 |   0.0 |       0 |      13 |   0.0 |   266
         Orc:1 |       0 |    7201 |   0.0 |       0 |      58 |   0.0 |  1229
         Orc:2 |       0 |    8711 |   0.0 |       0 |      64 |   0.0 |  1076
         IceCv |       0 |     942 |   0.0 |       0 |       7 |   0.0 |    60
               +---------+---------+-------+---------+---------+-------+---------
